 Dungeon Crawl Stone Soup version 0.26-a0-1139-g7d2dc893a1 (webtiles) character file.

Game seed: 2712595399414295867

308 Dracia the Shield-Bearer (level 6, -7/48 HPs)
             Began as a Demonspawn Fighter on Dec 21, 2020.
             Killed by divine providence
             ... invoked by an orc priest
              (9 damage)
             ... on level 4 of the Dungeon.
             The game lasted 00:04:23 (3542 turns).

Dracia the Shield-Bearer (Demonspawn Fighter)       Turns: 3542, Time: 00:04:23

Health: -7/48      AC: 14    Str: 17    XL:     6   Next: 16%
Magic:  6/6        EV:  6    Int:  9    God:
Gold:   177        SH:  9    Dex: 14    Spells: 5/5 levels left

rFire    . . .     SeeInvis .   i - +1 dagger (venom)
rCold    . . .     Faith    +   c - +0 kite shield
rNeg     . . .     Spirit   .   f - +0 chain mail {rPois}
rPois    +         Reflect  .   r - +0 helmet
rElec    .         Harm     .   h - +0 cloak
rCorr    .         Rampage  .   (no gloves)
Will     .....                  (no boots)
Stlth    ..........             T - amulet of faith (curse) {!P!P}
HPRegen  0.16/turn              Q - ring of stealth
MPRegen  0.10/turn              (no ring)

@: flying
A: icy blue scales 2, demonic guardian 1
a: no special abilities


You were on level 4 of the Dungeon.
You visited 1 branch of the dungeon, and saw 4 of its levels.

You collected 177 gold pieces.


Innate Abilities, Weirdness & Mutations

You are mostly covered in icy blue scales. (AC +3)
A weak demonic guardian rushes to your aid.


   Skills:
 + Level 4.0 Fighting
 - Level 1.7 Short Blades
 + Level 4.0 Armour
 + Level 2.6 Dodging
 + Level 4.0 Shields


You had 5 spell levels left.
You didn't know any spells.
Your spell library was empty.

Inventory:

Hand Weapons
 a - a +0 rapier
 i - a +1 dagger of venom (weapon)
Missiles
 l - 7 poisoned darts (quivered)
 t - 6 atropa-tipped darts
Armour
 b - a +0 scale mail
 c - a +0 kite shield (worn)
 f - a +0 chain mail of poison resistance (worn)
 h - a +0 cloak (worn)
 r - a +0 helmet (worn)
Jewellery
 Q - a ring of stealth (left hand)
 T - a cursed amulet of faith (around neck) {!P!P}
Scrolls
 e - a scroll of blinking {unknown}
 g - 3 scrolls of identify {unknown}
 k - 2 scrolls of teleportation {unknown}
 n - a scroll of fog {unknown}
 o - a scroll of enchant armour {unknown}
 q - 3 scrolls of remove curse {unknown}
 s - 3 scrolls of magic mapping {unknown}
Potions
 d - a potion of might
 p - a potion of flight
 u - a potion of resistance {unknown}
 v - a potion of brilliance {unknown}

Dungeon Overview and Level Annotations

Branches:
Dungeon (4/15)
 Temple: D:4-7

Altars:
Ashenzari
Trog
Vehumet
Wu Jian

.#.#.).....####...........
# #......###.............
##...o## #.............
#.#oo# #....#####....
#.##{# #....# #.... .. #5#
#....# #.... ### #5#
#....# #^... ##.####....#
#.... #..@..'....# #####
#######....###### #
###.......# # #.#####.## #
##รท###....# # #......#..#
#.<....######
#............
#.....#######


You could see 2 orc priests, an orc, a friendly iron imp (summoned) and a
friendly ufetubus (summoned).


Message History

Your transformation has ended.
Your +1 dagger of venom unmelds from your body.
Your +0 cloak unmelds from your body.
Your +0 helmet unmelds from your body.
Your +0 kite shield unmelds from your body.
Your +0 chain mail of poison resistance unmelds from your body.
Your ring of stealth unmelds from your body.
Your +1 dagger of venom begins to drip with poison!
You feel resistant to poison.
The orc priest mumbles some strange prayers to Beogh against you.
Beogh smites you!
* * * LOW HITPOINT WARNING * * *
Something hits you but does no damage.
Your chain mail prevents you from hitting your iron imp.
Your iron imp is moderately wounded.
Something hits you but does no damage.
Unknown command.
You bump into the rock wall.
Something hits you but does no damage.
Unknown command.
It was a potion of flight.
You feel very buoyant.
You fly up into the air.
You feel less confused. Something hits you but does no damage.
Unknown command.
Okay, then.
Something hits your iron imp. Something hits your iron imp.
The orc priest calls down the wrath of Beogh upon you.
Beogh smites you!
You die...

Skill      XL: |  1  2  3  4  5  6 |
---------------+-------------------+-----
Shields        | 3 4 |  4.0
Armour         | 3 4 |  4.0
Dodging        | 1 2 |  2.6
Fighting       | 4 |  4.0
Short Blades   | |  1.7

Action                   |  1- 3 |  4- 6 || total
-------------------------+-------+-------++-------
Melee: Rapier            |    63 |       ||    63
       Dagger            |    84 |   185 ||   269
       Unarmed           |       |    10 ||    10
  Use: Potion            |       |     2 ||     2
Armor: Scale mail        |    13 |       ||    13
       Chain mail        |    72 |   124 ||   196
Dodge: Dodged            |    26 |    47 ||    73
Block: Kite shield       |    83 |    84 ||   167

Levels and vault maps discovered:
D:1:      lemuel_arrival_hallway, layout_loops_ring
D:2:      layout_loops_cross, overflow_temple_1_default, uniq_terence
D:3:      layout_basic, fiery_altar_vehumet,
          chequers_temple_overflow_statue_of_worship
D:4:      layout_basic

Notes
Turn   | Place    | Note
-------+----------+-------------------------------------------
     0 | D:1      | Dracia the Demonspawn Fighter began the quest for the Orb.
     0 | D:1      | Reached XP level 1. HP: 18/18 MP: 1/1
    50 | D:1      | Gained mutation: A weak demonic guardian rushes to your
                  | aid. [demonic ancestry]
    50 | D:1      | Reached XP level 2. HP: 20/24 MP: 2/2
   126 | D:1      | Reached skill level 3 in Shields
   166 | D:1      | Reached skill level 3 in Armour
   193 | D:1      | Reached skill level 1 in Dodging
   267 | D:1      | HP: 2/24 [poisoned by a goblin]
   735 | D:1      | Reached XP level 3. HP: 28/29 MP: 3/3
  1532 | D:2      | Found a bloodstained altar of Trog.
  1622 | D:2      | Reached XP level 4. HP: 35/35 MP: 4/4
  1755 | D:2      | Noticed Terence
  1769 | D:2      | Killed Terence
  2201 | D:3      | Reached skill level 2 in Dodging
  2210 | D:3      | Gained mutation: You are partially covered in icy blue
                  | scales. (AC +2) [demonic ancestry]
  2210 | D:3      | Reached XP level 5. HP: 22/41 MP: 5/5
  2623 | D:3      | Found a radiant altar of Vehumet.
  2710 | D:3      | Found a broken altar of Ashenzari.
  2711 | D:3      | Found an ornate altar of the Wu Jian Council.
  3133 | D:4      | Noticed an ogre
  3142 | D:4      | Killed an ogre
  3143 | D:4      | Reached skill level 4 in Armour
  3143 | D:4      | Reached skill level 4 in Shields
  3143 | D:4      | Gained mutation: You are mostly covered in icy blue scales.
                  | (AC +3) [demonic ancestry]
  3143 | D:4      | Reached XP level 6. HP: 29/48 MP: 6/6
  3273 | D:4      | Reached skill level 4 in Fighting
  3536 | D:4      | HP: 1/48 [orc priest/divine providence (11)]
  3542 | D:4      | Killed from afar by an orc priest

Vanquished Creatures
  An ogre (D:4)
  An orc wizard (D:3)
  Terence (D:2)
  3 gnolls (D:3)
  4 adders
  A worm (D:4)
  4 leopard geckos
  13 orcs
  9 bats
  4 giant cockroaches
  9 goblins
  6 hobgoblins
  8 jackals
  13 kobolds
  A ball python (D:3)
  3 frilled lizards
  11 rats
92 creatures vanquished.

Vanquished Creatures (collateral kills)
  2 orcs
  2 jackals (D:3)
  A rat (D:3)
5 creatures vanquished.

Vanquished Creatures (others)
  An orc wizard (D:3)
  An adder (D:3)
2 creatures vanquished.

Grand Total: 99 creatures vanquished

Table legend: (Time is in decaauts)
 A = Elapsed time spent in this place.
 B = Non-inter-level travel time spent in this place.
 C = Inter-level travel time spent in this place.
 D = Time resting spent in this place.
 E = Time spent auto-exploring this place.
 F = Levels seen in this place.
 G = Mean time per level.
                   A        B        C        D        E       F      G
               +--------+--------+--------+--------+--------+-----+--------+
         Total |   3551 |   3480 |     71 |    575 |   2276 |   4 |  887.8 |
       Dungeon |   3551 |   3480 |     71 |    575 |   2276 |   4 |  887.8 |
               +--------+--------+--------+--------+--------+-----+--------+

Top non-repeatable levels by time:
     D:1: 1390 daAuts
     D:3: 870 daAuts
     D:2: 780 daAuts
     D:4: 511 daAuts

Table legend:
 A = Non-vault XP
 B = Vault XP
 C = Vault XP percentage of total XP
 D = Non-vault monster count
 E = Vault monster count
 F = Vault count percentage of total count
                 A         B        C        D         E       F
            +---------+---------+-------+---------+---------+-------
      Total |     408 |      32 |   7.3 |      97 |       1 |   1.0
            +---------+---------+-------+---------+---------+-------
        D:1 |      58 |       0 |   0.0 |      34 |       0 |   0.0
        D:2 |      63 |      32 |  33.7 |      22 |       1 |   4.3
        D:3 |     139 |       0 |   0.0 |      30 |       0 |   0.0
        D:4 |     148 |       0 |   0.0 |      11 |       0 |   0.0
            +---------+---------+-------+---------+---------+-------
